 Dungeon Crawl Stone Soup version 0.31-a0-986-g5e6e4ef867 (webtiles) character file.

Game seed: 14177565809816661608

1161 timneilson the Ruffian (level 8, -5/54 HPs)
             Began as an Octopode Shapeshifter on Nov 4, 2023.
             Was an Initiate of Gozag.
             Slain by Duvessa
             ... wielding a +0 rapier
              (11 damage)
             ... on level 5 of the Dungeon.
             The game lasted 00:12:13 (5643 turns).

timneilson the Ruffian (Octopode Shapeshifter)      Turns: 5643, Time: 00:12:13

Health: -5/54      AC:  1    Str: 16    XL:     8   Next: 39%
Magic:  11/11      EV: 14    Int: 12    God:    Gozag
Gold:   327        SH:  5    Dex: 11    Spells: 12/12 levels left

rFire   . .          .
                       - Unarmed
rCold   . . .        (no shield)
rNeg    . . .        (helmet currently unavailable)
rPois   .            i - amulet of reflection
rElec   .            (no ring)
rCorr   .            (no ring)
SInv    .            (no ring)
Will    .....        (no ring)
Stlth   +++          (no ring)
HPRegen 0.29/turn    (no ring)
MPRegen 0.12/turn    (no ring)
                     (no ring)

%: reflection
@: mighty, beast-form
A: beast (slay +2), almost no armour, amphibious, 8 rings, camouflage 1,
gelatinous body 1, (nimble swimmer 1), tentacles
a: Begin Untransformation, Renounce Religion, Potion Petition, Call Merchant,
Bribe Branch


You were on level 5 of the Dungeon.
You worshipped Gozag.
Gozag was aware of your devotion.
You were a hulking beast.
You visited 2 branches of the dungeon, and saw 6 of its levels.
You also visited: Sewer.

You collected 398 gold pieces.
You paid 71 gold pieces to Gozag.

Inventory:

Jewellery
 i - an amulet of reflection (around mantle)
 l - a ring of flight
Talismans
 b - a beast talisman
 c - a flux talisman
Wands
 k - a wand of polymorph (6)
Scrolls
 a - a scroll of enchant armour
 d - a scroll of vulnerability
 f - a scroll of identify
 g - 5 scrolls of teleportation
 o - a scroll of noise {unknown}
Potions
 e - 5 potions of enlightenment
 j - 2 potions of mutation
 m - a potion of might
 n - a potion of attraction


   Skills:
 * Level 4.4 Fighting
 * Level 4.5 Dodging
 + Level 4.2 Stealth
 * Level 5.2 Unarmed Combat
 + Level 2.5 Spellcasting
 * Level 4.9 Shapeshifting


You had 12 spell levels left.
You didn't know any spells.
Your spell library contained the following spells:

 Spells                   Type           Power      Damage    Failure   Level
 Shock                    Conj/Air       4%         1d3       26%         1
 Hailstorm                Conj/Ice       1%         3d3       61%         3
 Fulminant Prism          Conj/Hex       0%         3d5       95%         4
 Iskenderun's Mystic Bla  Conj/Tloc      1%         2d3       95%         4
 Spellforged Servitor     Conj/Summ      0%         N/A       100%        7


Dungeon Overview and Level Annotations

Branches:
Dungeon (5/15)             Temple (1/1) D:4           Sewer (visited)

Altars:
Ashenzari
Cheibriados
Dithmenos
Elyvilon
Gozag
Kikubaaqudgha
Nemelex Xobeh
Okawaru
Qazlal
Trog
Uskayaw
Vehumet
Wu Jian
Xom
Yredelemnul
The Shining One

Shops:
D:4 !

Annotations:
D:5 Duvessa


Innate Abilities, Weirdness & Mutations

You are a hulking beast.
Your limbs bulge with bestial killing power. (Slay +2)
You cannot wear most types of armour.
You are amphibious.
You can wear up to eight rings at the same time.
Your skin changes colour to match your surroundings (Stealth+).
Your rubbery body absorbs attacks. (AC +1, EV +1)
((You are camouflaged when in or above water. (Stealth+)))
You have tentacles for arms and can constrict up to eight enemies at once.


Message History

Dowan is severely wounded.
You constrict Dowan. You block Dowan's attack.
You bludgeon Dowan!
You kill Dowan!
You hear a distant scream of rage.
You now have 291 gold pieces (gained 10).
Things that are here:
a +0 dagger; a +0 robe You now have 295 gold pieces (gained 4).
You see here a +0 hand axe.
You now have 322 gold pieces (gained 27).
Things that are here:
a +0 orcbow; a +0 dagger; the +0 chain mail of the Eyes {Harm Rampage rF+ Int-2} You now have 327 gold pieces (gained 5).
Duvessa, Sister of Dowan comes into view.
She is wielding a +0 rapier, wearing a +0 leather armour of cold resistance and carrying a wand of flame.
Duvessa goes berserk!
Duvessa rages.
You feel very mighty all of a sudden. You block Duvessa's attack.
You barely miss Duvessa. Your grab misses Duvessa.
Duvessa hits you with a +0 rapier!
You closely miss Duvessa. Your grab misses Duvessa.
Duvessa hits you with a +0 rapier! x2
* * * LOW HITPOINT WARNING * * *
Okay, then.
Blink to where?
Press: ? - help, Dir - move target
As you read the scroll of blinking, it crumbles to dust.
You closely miss Duvessa. You grab Duvessa. You constrict Duvessa.
Duvessa hits you with a +0 rapier.
* * * LOW HITPOINT WARNING * * *
Duvessa misses you.
You bludgeon Duvessa! You squeeze Duvessa.
Duvessa is moderately wounded.
You constrict Duvessa. Duvessa barely misses you.
You batter Duvessa!!
Duvessa is heavily wounded.
You constrict Duvessa. Duvessa hits you with a +0 rapier!
You die...
Your body crumbles into a pile of gold.

..)............).#####.#
#####.#######..).#####.#
#.#................#
#.#.########.#######
#..>...............#
###.########.#####.# #.#
#.# #.# #.# #.# #e# #.#
#h# #.# #.# #e# #.# #.#
#.# #.# #.# #.#####.#
#.# #.......# #######.#
######### ........#
#########


You could see Duvessa (berserk).

Vanquished Creatures
  2 black bears (D:5)
  An ogre (D:4)
  A centaur (D:5)
  3 scorpions
  Dowan (D:5)
  A jelly (D:4)
  5 orc priests
  A gnoll bouda (D:4)
  An iguana (D:4)
  An orc wizard (D:4)
  A sickly merfolk siren (Sewer)
  A malarious merfolk avatar (Sewer)
  5 gnolls (D:4)
  4 adders
  4 river rats (Sewer)
  A white imp (D:5)
  An ufetubus (D:5)
  2 worms
  4 dart slugs
  21 orcs
  8 endoplasms
  5 giant cockroaches
  6 goblins
  8 hobgoblins
  9 quokkas
  12 ball pythons
  9 bats
  11 frilled lizards
  4 kobolds
  38 rats
171 creatures vanquished.

Notes
Turn   | Place    | Note
-------+----------+-------------------------------------------
     0 | D:1      | timneilson the Octopode Shapeshifter began the quest for
                  | the Orb.
     0 | D:1      | Reached XP level 1. HP: 13/13 MP: 1/1
    11 | D:1      | Found a faded altar of an unknown god.
    93 | D:1      | Reached XP level 2. HP: 18/18 MP: 2/2
   577 | D:1      | Reached XP level 3. HP: 19/23 MP: 3/3
   747 | D:2      | Reached skill level 1 in Stealth
   748 | D:2      | Found an ancient bone altar of Kikubaaqudgha.
  1379 | D:3      | Reached XP level 4. HP: 18/29 MP: 5/5
  1544 | D:3      | Found a glowing drain.
  1571 | Sewer    | Entered a sewer
  1667 | Sewer    | Reached skill level 1 in Spellcasting
  1676 | Sewer    | Reached XP level 5. HP: 12/34 MP: 6/6
  1979 | Sewer    | Identified the +8 war axe "Curuevue" {spect, rElec Str+4}
  2180 | D:3      | Found a radiant altar of Vehumet.
  2244 | D:3      | Reached XP level 6. HP: 21/41 MP: 6/8
  2809 | D:4      | Identified the "Gililesi"
  2819 | D:4      | Identified the +2 pair of boots of the Endless Portals
                  | {+Inv rC- Int+6 Dex+4}
  2867 | D:4      | Reached skill level 4 in Unarmed Combat
  3192 | D:4      | Found Livvapso's Distillery.
  3407 | D:4      | Reached XP level 7. HP: 42/46 MP: 9/9
  3877 | D:4      | Found a staircase to the Ecumenical Temple.
  3883 | Temple   | Entered the Ecumenical Temple
  3899 | Temple   | Became a worshipper of Gozag Ym Sagoz the Greedy
  4532 | D:5      | Identified the "Suimib"
  4532 | D:5      | Entered Level 5 of the Dungeon
  4552 | D:5      | Reached XP level 8. HP: 33/54 MP: 11/11
  4865 | D:5      | Found a bloodstained altar of Trog.
  4999 | D:5      | Noticed Dowan
  5218 | D:5      | Reached skill level 5 in Unarmed Combat
  5385 | D:5      | Identified the +0 chain mail of the Eyes {Harm Rampage rF+
                  | Int-2}
  5582 | D:5      | Killed Dowan
  5621 | D:5      | Noticed Duvessa
  5643 | D:5      | Slain by Duvessa

Illustrated notes

Levels and vault maps discovered:
D:1:      wander_arrival_lonely_grave, layout_basic,
          shapermc_ecumenical_altar_mp_ritualfount
D:2:      layout_basic, basic_altar, hangedman_decor_opposing
D:3:      layout_basic, nicolae_vehumet_altar_sigil,
          cheibrodos_sewer_entry_sluice
D:4:      layout_layer_cave, minmay_temple_entry_hall, serial_shops,
          nicolae_shop_rolling_square, dk_vineyard_2
D:5:      layout_basic, trog_book, uniq_duvessa
Temple:   jpeg_temple_clearing

Skill      XL: |  1  2  3  4  5  6  7  8 |
---------------+-------------------------+-----
Stealth        | 1 2 3 4 |  4.2
Fighting       | 2 3 4 |  4.4
Spellcasting   | 1 2 |  2.5
Dodging        | 3 4 |  4.5
Unarmed Combat | 4 5 |  5.2
Shapeshifting  | 4 |  4.9

Action                     |  1- 3 |  4- 6 |  7- 9 || total
---------------------------+-------+-------+-------++-------
  Melee: Unarmed           |    73 |   191 |    77 ||   341
         Constrict         |    21 |    48 |    16 ||    85
         Tentacles         |    14 |    35 |    21 ||    70
         Punch             |     3 |     8 |     2 ||    13
    Use: Scroll            |     4 |     4 |     3 ||    11
         Potion            |       |     6 |     1 ||     7
   Stab: Sleeping          |     9 |    18 |     3 ||    30
         Distracted        |       |       |     1 ||     1
 Armour: Skin              |    41 |    80 |    37 ||   158
  Dodge: Dodged            |    41 |    95 |    35 ||   171
  Block: Other             |       |    15 |    23 ||    38
         Reflection        |       |     1 |       ||     1

Table legend: (Time is in decaauts)
 A = Elapsed time spent in this place.
 B = Non-inter-level travel time spent in this place.
 C = Inter-level travel time spent in this place.
 D = Time resting spent in this place.
 E = Time spent auto-exploring this place.
 F = Levels seen in this place.
 G = Mean time per level.
                   A        B        C        D        E       F      G
               +--------+--------+--------+--------+--------+-----+--------+
         Total |   5619 |   5493 |    126 |    530 |   3330 |   7 |  802.7 |
       Dungeon |   5060 |   4949 |    111 |    447 |   3187 |   5 | 1012.0 |
        Temple |     32 |     17 |     15 |      0 |      0 |   1 |   32.0 |
         Sewer |    526 |    526 |      0 |     83 |    143 |   1 |  526.0 |
               +--------+--------+--------+--------+--------+-----+--------+

Top non-repeatable levels by time:
     D:4: 1771 daAuts
     D:5: 1019 daAuts
     D:3: 918 daAuts
     D:1: 686 daAuts
     D:2: 664 daAuts
   Sewer: 526 daAuts
  Temple: 32 daAuts
